 Dungeon Crawl Stone Soup version 0.30.1 (webtiles) character file.

Game seed: 3713924162043427480

766 Graphine the Shooter (level 8, -5/61 HPs)
             Began as a Formicid Hunter on July 8, 2023.
             Was a Follower of Fedhas.
             Slain by Prince Ribbit (17 damage)
             ... on level 5 of the Dungeon.
             The game lasted 00:12:38 (4648 turns).

Graphine the Shooter (Formicid Hunter)              Turns: 4648, Time: 00:12:40

Health: -5/61      AC:  6    Str: 16    XL:     8   Next: 8%
Magic:  9/9        EV: 12    Int:  9    God:    Fedhas [*.....]
Gold:   168        SH:  0    Dex: 19    Spells: 7/7 levels left

rFire   + . .        a - +1 shortbow (heavy)
rCold   x . .        (no shield)
rNeg    . . .        i - +1 ring mail {Will+}
rPois   +            (helmet unavailable)
rElec   .            (no cloak)
rCorr   .            (no gloves)
SInv    +            (no boots)
Will    +....        (no amulet)
Stlth   ++           g - ring of fire
HPRegen 0.30/turn    k - ring of poison resistance
MPRegen 0.11/turn

%: no passive effects
@: no status effects
A: permanent stasis, dig shafts and tunnels, antennae 3, four strong arms,
mutation resistance 1, MP-powered wands
a: Dig, Shaft Self, Renounce Religion


You were on level 5 of the Dungeon.
You worshipped Fedhas.
Fedhas was aware of your devotion.
You visited 2 branches of the dungeon, and saw 7 of its levels.

You collected 343 gold pieces.
You spent 175 gold pieces at shops.

Inventory:

Hand Weapons
 a - a +1 heavy shortbow (weapon)
Armour
 i - a +1 ring mail of willpower (worn)
Jewellery
 g - a ring of fire (left hand)
 k - a ring of poison resistance (right hand)
 m - a ring of fire
Scrolls
 b - a scroll of immolation
 e - a scroll of amnesia
 l - 3 scrolls of poison
 o - a scroll of enchant armour
 p - a scroll of fear
 q - a scroll of silence
Potions
 d - 2 potions of resistance
 f - 2 potions of mutation
 j - a potion of magic
 r - a potion of cancellation
 s - 3 potions of flight


   Skills:
 + Level 4.4 Fighting
 * Level 5.6 Ranged Weapons
 + Level 3.4 Armour
 + Level 3.6 Dodging
 + Level 4.7 Stealth
 * Level 2.1 Invocations


You had 7 spell levels left.
You didn't know any spells.
Your spell library contained the following spells:

 Spells                   Type           Power      Damage    Failure   Level
 Summon Small Mammal      Summ           0%         N/A       58%         1
 Call Canine Familiar     Summ           0%         N/A       92%         3
 Summon Guardian Golem    Hex/Summ       0%         N/A       92%         3


Dungeon Overview and Level Annotations

Branches:
Dungeon (6/15)             Temple (1/1) D:4

Altars:
Ashenzari
Cheibriados
Dithmenos
Elyvilon
Fedhas
Gozag
Hepliaklqana
Kikubaaqudgha
Makhleb
Nemelex Xobeh
Okawaru
Qazlal
Ru
Sif Muna
Trog
Uskayaw
Vehumet
Wu Jian
Xom
Zin
The Shining One

Shops:
D:4 ?![*   D:5 (

Annotations:
D:5 Prince Ribbit


Innate Abilities, Weirdness & Mutations

You cannot be hasted, slowed, berserked, paralysed or teleported.
You can dig through walls and to a lower floor.
You have a pair of large antennae on your head. (SInv)
Your four strong arms can wield two-handed weapons with a shield.
You are somewhat resistant to further mutation.
You expend magic power (3 MP) to strengthen your wands.


Message History

Fire: a) +1 shortbow (heavy)
Press: ? - help, Q - select action, (/) - cycle Shift-Dir - straight line, f/p - adder
Aim: an adder (heavily wounded, 51% to hit)
You shoot an arrow. The arrow closely misses the adder.
The adder hisses angrily.
The adder misses you. The shadow imp closely misses you.
The adder barely misses you. Prince Ribbit hits you!
The shadow imp hits you but does no damage.
The adder closely misses you. Prince Ribbit hits you! Prince Ribbit hits you.
The shadow imp attacks as you move away!
The shadow imp closely misses you. Prince Ribbit hits you.
* * * LOW HITPOINT WARNING * * *
Prince Ribbit hits you.
* * * LOW HITPOINT WARNING * * *
There is a stone staircase leading up here.
Prince Ribbit hits you.
* * * LOW HITPOINT WARNING * * *
The shadow imp barely misses you. Prince Ribbit hits you!
* * * LOW HITPOINT WARNING * * *
The adder closely misses you. The adder barely misses you.
You climb upwards.
There is a stone staircase leading down here.
You feel much better.
Prince Ribbit hits you but does no damage.
The adder closely misses you. The shadow imp hits you.
Fire: a) +1 shortbow (heavy)
Press: ? - help, Shift-Dir - straight line, f - adder
Aim: an adder (heavily wounded, 51% to hit)
You shoot an arrow. The arrow hits the adder!
You kill the adder!
Fedhas appreciates your contribution to the ecosystem.
Prince Ribbit completely misses you. The shadow imp hits you.
Prince Ribbit hits you!
* * * LOW HITPOINT WARNING * * *
The shadow imp hits you.
* * * LOW HITPOINT WARNING * * *
Prince Ribbit hits you!
You die...
Fedhas appreciates your contribution to the ecosystem.

######### #........ ########
#........ ##......##
#........ ##........##
###.>.### #######
#..........###....####
##.....##
#..........##.........
#.......##
#...F......##.........
.........#
#....@.........#....##
.........#
#...5............#....
.........#
##..............#####.
.........# ##........#..#..#
##
.........###...........#...#
#
#........................###
####
.......................#.#
#...
..<......###...........#.#
#... .........#
#.............# #...


You could see Prince Ribbit and a shadow imp.

Vanquished Creatures
  A sky beast (D:5)
  2 jellies (D:3)
  2 orc priests
  4 hounds
  3 iguanas
  Natasha (thrice) (D:2)
  4 orc wizards (D:5)
  A gnoll (D:1)
  7 adders
  An ufetubus (D:5)
  A worm (D:3)
  4 dart slugs
  20 orcs
  7 ball pythons
  4 endoplasms
  5 giant cockroaches
  10 goblins
  7 hobgoblins
  4 kobolds
  A quokka (D:3)
  5 bats
  A frilled lizard (D:3)
  4 rats
101 creatures vanquished.

Notes
Turn   | Place    | Note
-------+----------+-------------------------------------------
     0 | D:1      | Graphine the Formicid Hunter began the quest for the Orb.
     0 | D:1      | Reached XP level 1. HP: 16/16 MP: 1/1
    38 | D:1      | Reached XP level 2. HP: 14/23 MP: 2/2
   797 | D:2      | You fall into a shaft and drop 1 floor!
   872 | D:2      | Noticed Natasha
   876 | D:2      | Killed Natasha
   877 | D:2      | Reached skill level 1 in Armour
   877 | D:2      | Reached XP level 3. HP: 28/28 MP: 3/3
   971 | D:2      | Noticed Natasha
   973 | D:2      | Killed Natasha
   974 | D:2      | Reached XP level 4. HP: 34/34 MP: 4/4
  1035 | D:2      | Noticed Natasha
  1398 | D:2      | Killed Natasha
  1399 | D:2      | Reached XP level 5. HP: 38/41 MP: 5/5
  1650 | D:2      | Gained mutation: You are somewhat resistant to further
                  | mutation. [potion of mutation]
  1650 | D:2      | Gained mutation: You expend magic power (3 MP) to
                  | strengthen your wands. [potion of mutation]
  1851 | D:3      | Reached XP level 6. HP: 47/47 MP: 6/6
  2231 | D:4      | Found Litetyts's Armour Boutique.
  2240 | D:4      | Found Bohof's Distillery.
  2500 | D:4      | Found Zuxiank's Magic Scroll Shoppe.
  2659 | D:4      | Bought a scroll of enchant armour for 97 gold pieces
  2659 | D:4      | Bought a scroll of identify for 26 gold pieces
  2659 | D:4      | Bought a scroll of identify for 26 gold pieces
  2659 | D:4      | Bought a scroll of identify for 26 gold pieces
  2697 | D:4      | Found a staircase to the Ecumenical Temple.
  2706 | Temple   | Entered the Ecumenical Temple
  2750 | Temple   | Became a worshipper of Fedhas Madash
  3103 | D:4      | Reached XP level 7. HP: 48/53 MP: 7/7
  3239 | D:4      | Reached skill level 5 in Ranged Weapons
  3555 | D:4      | Found Ufikk's General Store.
  3923 | D:5      | Entered Level 5 of the Dungeon
  4057 | D:5      | Reached * piety under Fedhas
  4072 | D:5      | Found Bimylishre's Weapon Shoppe.
  4247 | D:5      | Reached skill level 1 in Invocations
  4585 | D:5      | Reached XP level 8. HP: 61/61 MP: 9/9
  4637 | D:6      | Noticed Prince Ribbit
  4648 | D:5      | Slain by Prince Ribbit

Illustrated notes

Levels and vault maps discovered:
D:1:      spicycebolla_arrival_ecumenical, layout_basic, minmay_crystal_water
D:2:      layout_loops_corners, uniq_natasha
D:3:      layout_rooms, minmay_circle_x
D:4:      corexii_shack_village, layout_layer_cave, lemuel_temple_firewalk_b,
          serial_shops, nicolae_shop_waterfront, shop_statue,
          nicolae_stop_n_shop_1, nicolae_shop_peninsula,
          minmay_misc_feat_ornament, minmay_misc_feat_tower
D:5:      layout_rooms, serial_shops, nicolae_shop_pleasant_corner_grove,
          fountainhead
D:6:      layout_cave_pools, portal_sewer_entry_b, uniq_prince_ribbit1,
          uniq_grinder, uniq_eustachio
Temple:   kilobyte_greek_temple

Skill      XL: |  1  2  3  4  5  6  7 |
---------------+----------------------+-----
Dodging        | 2 3 |  3.6
Armour         | 1 2 3 |  3.4
Stealth        | 2 3 4 |  4.7
Fighting       | 3 4 |  4.4
Ranged Weapons | 5 |  5.6
Invocations    | 2 |  2.1

Action                     |  1- 3 |  4- 6 |  7- 9 || total
---------------------------+-------+-------+-------++-------
  Melee: Shortbow          |       |       |     3 ||     3
   Fire: Shortbow          |    29 |   112 |   103 ||   244
Ability: Dig               |     4 |       |       ||     4
    Use: Scroll            |     2 |    13 |     3 ||    18
         Potion            |       |     1 |     2 ||     3
 Armour: Leather armour    |     1 |     9 |    22 ||    32
         Ring mail         |       |       |     4 ||     4
  Dodge: Dodged            |     1 |    30 |    67 ||    98
